 Dungeon Crawl Stone Soup version 0.28.0-43-g3370ac3207 (webtiles) character file.

Game seed: 15697273829020044230

15231 crimpus the Basher (level 12, -5/114 HPs)
             Began as a Naga Berserker on Mar 13, 2022.
             Was a Priest of Trog.
             Slain by a white ugly thing (24 damage)
             ... on level 12 of the Dungeon.
             The game lasted 00:19:03 (16194 turns).

crimpus the Basher (Naga Berserker)                Turns: 16194, Time: 00:19:04

Health: -5/114     AC: 18    Str: 23 (24) XL:     12   Next: 24%
Magic:  12/12      EV: 10    Int:  7 (8)  God:    Trog [***...]
Gold:   411        SH:  0    Dex: 15      Spells: 11/11 levels left

rFire   . . .      SeeInvis +   o - +9 great mace of Duty {vorpal, Dex+4}
rCold   . . .      Faith    .   (shield currently unavailable)
rNeg    . . .      Spirit   .   u - +0 plate armour
rPois   +          Reflect  .   q - +2 helmet
rElec   .          Harm     .   (no cloak)
rCorr   .          Rampage  .   n - +0 pair of gloves
Will    ++++.      Rage     1%  (no barding)
Stlth   ..........              (no amulet)
HPRegen 1.29/turn               A - +4 ring of evasion
MPRegen 0.13/turn               t - +4 ring of slaying

@: strong-willed, regenerating, unable to read, very slow
A: AC +4, large, see invisible, deformed body, poison resistance, slowness 2,
spit poison 1, naga tail 1, berserk 1, strong-willed 1, inability to read while
threatened
a: Spit Poison, Renounce Religion, Berserk, Trog's Hand


You were on level 12 of the Dungeon.
You worshipped Trog.
Trog was most pleased with you.
You visited 1 branch of the dungeon, and saw 12 of its levels.

You collected 561 gold pieces.
You spent 150 gold pieces at shops.

Inventory:

Hand Weapons
 a - a +0 mace
 l - the +6 mace "Enyu" {speed, rElec Str+8 Int-3}
   (You found it on level 5 of the Dungeon)

   Attacks with this weapon are significantly faster.
   Str:       It affects your strength (+8).
   Int:       It affects your intelligence (-3).
   rElec:     It insulates you from electricity.
 o - the +9 great mace of Duty (weapon) {vorpal, Dex+4}
   (You acquired it on level 11 of the Dungeon)

   It inflicts extra damage upon your enemies.
   Dex:       It affects your dexterity (+4).
Missiles
 z - 2 throwing nets
Armour
 b - a +0 chain mail
 n - a +0 pair of gloves (worn)
 q - a +2 helmet (worn)
 s - +0 steam dragon scales
 u - a +0 plate armour (worn)
Jewellery
 m - a +6 ring of intelligence
 t - a +4 ring of slaying (right hand)
 x - an amulet of faith
 A - a +4 ring of evasion (left hand)
Wands
 y - a wand of flame (11)
 C - a wand of acid (5)
Scrolls
 d - 5 scrolls of teleportation
 f - 3 scrolls of amnesia
 j - 5 scrolls of fog
 k - 2 scrolls of immolation
 p - a scroll of magic mapping {unknown}
 r - a scroll of blinking {unknown}
 w - 2 scrolls of enchant weapon {unknown}
 B - a scroll of torment {unknown}
 D - a scroll of noise {unknown}
 E - 2 scrolls of identify
Potions
 c - 4 potions of curing
 e - a potion of attraction
 g - a potion of flight
 h - 2 potions of ambrosia
 i - a potion of brilliance
 v - a potion of degeneration


   Skills:
 + Level 9.1 Fighting
 + Level 13.2 Maces & Flails
 + Level 9.9 Armour
 - Level 3.0 Dodging
 - Level 2.8 Stealth


You had 11 spell levels left.
You didn't know any spells.
Your spell library was empty.

Dungeon Overview and Level Annotations

Branches:
Dungeon (12/15)            Temple (0/1) D:6            Lair (0/6) D:10
    Orc (0/2) D:9

Altars:
Ashenzari
Cheibriados
Dithmenos
Elyvilon
Gozag
Hepliaklqana
Okawaru
Ru
Yredelemnul
Zin
The Shining One

Shops:
D:3 (   D:8 [   D:10 (   D:12 *:

Annotations:
D:6 1 runed translucent door


Innate Abilities, Weirdness & Mutations

Your serpentine skin is tough. (AC +4)
You have supernaturally acute eyesight. (SInv)
Armour fits poorly on your strangely shaped body.
Your system is resistant to poisons. (rPois)
You cover ground very slowly.
You can spit poison.
You have a snake-like lower body.
You tend to lose your temper in combat.
You are strong-willed. (Will+)
You sometimes lose the ability to read scrolls when taking damage.


Message History

The six-headed hydra bites you!
The six-headed hydra bites you but does no damage.
The six-headed hydra closely misses you.
You crush the six-headed hydra like a grape!!!
You kill the six-headed hydra!
Trog accepts your kill.
You feel your strength returning.
You now have 411 gold pieces (gained 13).
You open the door.
There is an open door here.
You open the door.
A troll, a howler monkey and a cyclops come into view.
The cyclops shouts!
You hear a horrible gurgling sound!
The howler monkey hoots and howls with incredible vigour!
A white ugly thing comes into view.
The howler monkey hoots and howls with incredible vigour! x2
There is an open door here.
The howler monkey closely misses you.
The howler monkey hoots and howls with incredible vigour!
The howler monkey hoots and howls with incredible vigour!
There is an open door, spattered with blood here.
The howler monkey hoots and howls with incredible vigour!
The white ugly thing tail-slaps you but does no damage.
The white ugly thing closely misses you.
The howler monkey hoots and howls with incredible vigour!
The white ugly thing tail-slaps you! The white ugly thing freezes you!!
The white ugly thing tail-slaps you!
You feel threatened and lose the ability to read scrolls!
The white ugly thing freezes you!!
* * * LOW HITPOINT WARNING * * *
Your skin crawls.
You feel strong-willed.
You can no longer call in reinforcements.
The white ugly thing tail-slaps you but does no damage.
Your skin crawls.
You feel strong-willed. The white ugly thing tail-slaps you!
* * * LOW HITPOINT WARNING * * *
The white ugly thing freezes you!!
You die...

... #......... ....
###......... ..C..
##.'........(
.u....#..#.........
....C.'.##.........
.....u####.........
...... #..†...... .....
##'######## .....
#.Thu@...# ####
########.#### # #....# #
##########+#.# #
#............# #####
####........#.∩.#
....####..'............#
....##...##..........#.#
....##.####...........+.#


You could see a white ugly thing, a troll and a howler monkey.

Vanquished Creatures
  A boulder beetle (D:11)
  A hydra (D:12)
  A two-headed ogre (D:10)
  Urug (D:12)
  An ugly thing (D:12)
  The ghost of adizb the Bolt Thrower, a novice MiHu (D:5)
  A gargoyle (D:10)
  5 kobold demonologists
  A troll (D:6)
  A meliai zombie (D:10)
  2 shadows
  A wyvern (D:5)
  A wraith (D:8)
  16 yaks
  A vampire mosquito (D:6)
  3 steam dragons
  Menkaure (D:6)
  2 acid dragons
  5 wargs
  5 water moccasins
  4 orc warriors
  4 sky beasts
  A black bear (D:5)
  A necrophage (D:6)
  An ice beast (D:5)
  5 centaurs
  2 ogres (D:6)
  5 kobold brigands
  2 bullfrogs
  A gnoll sergeant (D:11)
  10 scorpions
  A wyvern zombie (D:8)
  2 water moccasin zombies
  2 water moccasin skeletons
  2 wyvern skeletons
  A jelly (D:7)
  11 killer bees
  4 wights (D:7)
  A bullfrog zombie (D:7)
  5 centaur zombies
  A gnoll shaman (D:8)
  6 orc priests
  2 centaur skeletons
  Jessica (D:3)
  An iguana (D:5)
  12 orc wizards
  A hound skeleton (D:4)
  2 howler monkey zombies
  9 gnolls
  3 adders
  2 shadow imps
  2 white imps
  2 ufetubi
  An adder skeleton (D:4)
  2 worms
  2 dart slugs (D:4)
  26 orcs
  4 bats
  5 endoplasms
  6 giant cockroaches
  8 goblins
  7 hobgoblins
  4 jackals (D:4)
  14 kobolds
  3 quokkas (D:4)
  5 ball pythons
  2 frilled lizards
  4 rats (D:1)
253 creatures vanquished.

Notes
Turn   | Place    | Note
-------+----------+-------------------------------------------
     0 | D:1      | crimpus the Naga Berserker began the quest for the Orb.
     0 | D:1      | Reached XP level 1. HP: 21/21 MP: 1/1
   633 | D:1      | Reached XP level 2. HP: 26/28 MP: 2/2
  1478 | D:2      | Reached XP level 3. HP: 18/34 MP: 3/3
  2858 | D:3      | Noticed Jessica
  2859 | D:3      | Found Goesud's Antique Weapon Shop.
  2864 | D:3      | Killed Jessica
  2865 | D:3      | Reached skill level 4 in Maces & Flails
  2865 | D:3      | Reached skill level 1 in Stealth
  2865 | D:3      | Reached XP level 4. HP: 42/42 MP: 4/4
  3298 | D:3      | Reached ** piety under Trog
  3299 | D:3      | Reached XP level 5. HP: 50/50 MP: 5/5
  3532 | D:3      | Found a glowing golden altar of the Shining One.
  3971 | D:4      | Found a hazy altar of Hepliaklqana.
  4058 | D:4      | Found a snail-covered altar of Cheibriados.
  5043 | D:4      | Reached XP level 6. HP: 40/57 MP: 6/6
  5148 | D:4      | Noticed a steam dragon
  5170 | D:4      | Killed a steam dragon
  5171 | D:4      | Reached skill level 5 in Maces & Flails
  5747 | D:4      | Reached XP level 7. HP: 64/64 MP: 7/7
  5996 | D:5      | Entered Level 5 of the Dungeon
  6197 | D:5      | Identified the +6 mace "Enyu" {speed, rElec Str+8 Int-3}
  6619 | D:5      | Found a runed translucent gate.
  6619 | D:5      | Found a runed translucent gate.
  6620 | D:5      | Found a runed translucent gate.
  6622 | D:5      | Noticed adizb's ghost (novice MiHu)
  6641 | D:5      | Killed adizb's ghost
  6642 | D:5      | Reached skill level 6 in Maces & Flails
  6642 | D:5      | Reached XP level 8. HP: 37/73 MP: 8/8
  6827 | D:5      | Reached skill level 5 in Armour
  6903 | D:5      | Found an opulent altar of Gozag.
  6927 | D:5      | Noticed a wyvern
  6934 | D:5      | Killed a wyvern
  6935 | D:5      | Reached skill level 5 in Fighting
  7149 | D:5      | Found a glowing silver altar of Zin.
  7424 | D:6      | Noticed Menkaure
  7429 | D:6      | Killed Menkaure
  7430 | D:6      | Reached skill level 7 in Maces & Flails
  7857 | D:6      | Found a runed translucent door.
  7859 | D:6      | Found a runed translucent door.
  7884 | D:6      | Reached XP level 9. HP: 47/81 MP: 9/9
  7901 | D:6      | Found a broken altar of Ashenzari.
  8629 | D:6      | Found a white marble altar of Elyvilon.
  8706 | D:6      | Reached skill level 8 in Maces & Flails
  8829 | D:6      | Noticed a troll
  8859 | D:6      | Found a staircase to the Ecumenical Temple.
  9492 | D:6      | Killed a troll
  9493 | D:6      | Reached XP level 10. HP: 91/91 MP: 10/10
  9743 | D:7      | Reached skill level 9 in Maces & Flails
 10116 | D:7      | Identified the +1 robe of the True Pharaoh {+Blink rCorr
                  | SInv}
 10771 | D:7      | Identified the amulet "Ononge" {RegenMP Drain rF+ rC+}
 10896 | D:7      | Gained mutation: You tend to lose your temper in combat.
                  | [potion of mutation]
 10896 | D:7      | Gained mutation: You sometimes lose the ability to read
                  | scrolls when taking damage. [potion of mutation]
 10896 | D:7      | Gained mutation: You are strong-willed. (Will+) [potion of
                  | mutation]
 10941 | D:8      | Found Koxumpaf's Antique Armour Shoppe.
 10954 | D:8      | Bought a shiny helmet for 150 gold pieces
 11336 | D:8      | Reached skill level 10 in Maces & Flails
 11586 | D:8      | Reached *** piety under Trog
 11596 | D:8      | Found a sacrificial altar of Ru.
 11966 | D:9      | Found a staircase to the Orcish Mines.
 12019 | D:9      | Reached XP level 11. HP: 53/102 MP: 11/11
 12437 | D:9      | Reached skill level 11 in Maces & Flails
 12803 | D:9      | Found a basalt altar of Yredelemnul.
 12813 | D:9      | Found an iron altar of Okawaru.
 13082 | D:9      | Found a shadowy altar of Dithmenos.
 13115 | D:10     | Entered Level 10 of the Dungeon
 13178 | D:10     | Found Ynnereixt's Weapon Shop.
 13250 | D:10     | Found a staircase to the Lair.
 13654 | D:10     | Noticed a soul eater
 13882 | D:10     | Noticed a two-headed ogre
 13889 | D:10     | Killed a two-headed ogre
 14168 | D:10     | Reached **** piety under Trog
 14302 | D:10     | Reached skill level 12 in Maces & Flails
 14560 | D:11     | Identified a scroll of acquirement
 14561 | D:11     | Acquired the +9 great mace of Duty {vorpal, Dex+4}
 15447 | D:11     | Noticed a boulder beetle
 15457 | D:11     | Killed a boulder beetle
 15458 | D:11     | Reached XP level 12. HP: 112/112 MP: 12/12
 15604 | D:12     | Found Gynow's Demolitions Depot.
 15781 | D:12     | Reached skill level 13 in Maces & Flails
 15919 | D:12     | Noticed Urug
 15929 | D:12     | Killed Urug
 16031 | D:12     | Found Ergho's Book Emporium.
 16053 | D:12     | Noticed a six-headed hydra
 16057 | D:12     | Killed a six-headed hydra
 16194 | D:12     | Slain by a white ugly thing

Illustrated notes

Levels and vault maps discovered:
D:1:      sevenhm_arrival_forest_fort_small_6, layout_basic, minivault_14,
          minmay_tromino_v4_c
D:2:      layout_basic, patterned_corridor
D:3:      layout_basic, mainiacjoe_overflow_concentric_impassable, serial_shops,
          nicolae_shop_overgrown_old_shop, uniq_jessica
D:4:      layout_loops_ring, lemuel_coloured_pillars_altar,
          nicolae_overflow_hidden_temple, worldfamousw_hep_ancestral_shrine,
          minmay_divided_ellipse
D:5:      layout_loops_ring, nicolae_gozag_seed_capital, zin_treasury,
          ebering_ghost_rock_garden, minmay_misc_feat_encased
D:6:      lemuel_insect_pit, layout_rooms, kennysheep_mini,
          mainiacjoe_overflow_small_starburst, minmay_temple_entry_grid,
          uniq_menkaure
D:7:      layout_basic
D:8:      layout_basic, mainiacjoe_overflow_paths, serial_shops, shop,
          minmay_door_square
D:9:      layout_roguey, grunt_dithmenos_shadows, grunt_temple_overflow_open,
          david_orc_3
D:10:     layout_loops_cross, erik_lair_orcish_takeover, serial_shops,
          nicolae_shop_advertising_works [nicolae_subvault_shop_adworks],
          grunt_ministairs_5, minmay_increasing_density
D:11:     layout_loops_corners, feat_on_display
D:12:     layout_roguey, serial_shops, nicolae_square_shop, nicolae_shop_stone,
          nicolae_blasting_shop, okawaru_gym_becter, uniq_urug

Skill      XL: |  1  2  3  4  5  6  7  8  9 10 11 12 |
---------------+-------------------------------------+-----
Maces & Flails | 4 5 6 7 8 10 12 13 | 13.2
Dodging        | 2 3 |  3.0
Stealth        | 1 2 |  2.8
Armour         | 2 3 4 6 7 8 9 |  9.9
Fighting       | 4 5 6 7 8 9 |  9.1

Action                   |  1- 3 |  4- 6 |  7- 9 | 10-12 || total
-------------------------+-------+-------+-------+-------++-------
Melee: Mace              |   102 |   128 |   238 |   413 ||   881
       Punch             |       |     1 |     2 |     7 ||    10
       Great mace        |       |       |       |    59 ||    59
Invok: Berserk           |     2 |     3 |     9 |    15 ||    29
       Trog's Hand       |       |       |     1 |     4 ||     5
 Abil: Spit Poison       |       |     9 |       |       ||     9
       Evoke Blink       |       |       |       |     1 ||     1
  Use: Scroll            |       |       |    10 |     4 ||    14
       Potion            |       |       |     1 |     3 ||     4
Armor: Animal skin       |    19 |       |       |       ||    19
       Chain mail        |    16 |    87 |   103 |    30 ||   236
       Plate armour      |       |       |       |   202 ||   202
Dodge: Dodged            |    59 |    53 |    82 |   184 ||   378
